AoeStats
← Lord_Wilfredo

Black Forest

509042841Analyzed
4v4 RM · 7d ago on Sep 25, 2026· 46m 7s· 8 players
Game mode
Random Map
Map size
Large (8 player)
Population
200
Speed
Normal
Resources
Standard
Victory
Conquest
Starting age
Dark Age
Ending age
Imperial Age
RankedLock teamsTeams togetherTeam positionsShared explorationLock speedFull tech treeHidden civsTurbo modeCheats
Victory
Defeat
🇨🇳 Celts · China
1478
+17
🇨🇳 Goths · China
1465
+17
🇦🇷 Maya · Argentina
1378
+21
🇨🇳 Persians · China
1374
+21
🇦🇺 Bengalis · Australia
1559
-22
🇦🇺 Burmese · Australia
1522
-20
🇦🇺 Khitans · Australia
1442
-17
🇦🇺 Burgundians · Australia
1438
-17
Top Geary
10:54 Feudal Age
14:39 Castle Age
12:37 Double-Bit Axe
13:04 Horse Collar
16:09 Bow Saw
16:22 Heavy Plow
20:06 Wheelbarrow
22:24 Gold Mining
23:17 Hand Cart
27:52 Imperial Age
25:23 Stone Mining
26:51 Loom
27:56 Fletching
28:28 Ballistics
28:24 Bloodlines
28:15 Husbandry
28:03 Elite Elephant Archer
29:11 Bodkin Arrow
28:44 Siege Elephant
30:47 Padded Archer Armor
31:20 Bracer
33:07 Chemistry
32:23 Caravan
33:21 Leather Archer Armor
Metronomical
0:33 Loom
6:53 Double-Bit Axe
13:34 Feudal Age
12:08 Horse Collar
18:21 Castle Age
17:27 Bow Saw
19:58 Wheelbarrow
20:07 Town Watch
22:25 Heavy Plow
24:44 Hand Cart
27:30 Fletching
28:26 Bodkin Arrow
31:47 Imperial Age
30:07 Padded Archer Armor
30:17 Scale Barding Armor
30:58 Forging
32:48 Chain Barding Armor
32:46 Husbandry
32:08 Cavalier
33:45 Iron Casting
34:36 Chemistry
35:47 Plate Barding Armor
35:41 Paladin
36:23 Gold Mining
36:23 Stone Mining
38:39 Conscription
37:44 Light Cavalry
41:33 Squires
41:45 Scale Mail Armor
TDI
7:06 Loom
9:09 Feudal Age
16:02 Town Watch
21:22 Castle Age
24:26 Horse Collar
24:46 Gold Mining
26:52 Sanctity
26:45 Fervor
28:27 Redemption
30:49 Fortified Wall
41:19 Imperial Age
39:31 Pikeman
41:02 Heavy Plow
41:42 Wheelbarrow
44:09 Scale Mail Armor
44:19 Forging
44:35 Halberdier
45:56 Chain Mail Armor
Fakedos
0:48 Loom
24:32 Feudal Age
26:01 Double-Bit Axe
28:18 Castle Age
26:12 Gold Mining
26:03 Domestication
28:07 Wheelbarrow
31:46 Pastoralism
31:56 Bow Saw
37:31 Stone Mining
40:33 Imperial Age
39:17 Scale Mail Armor
40:23 Chain Mail Armor
40:34 Elite Liao Dao
41:50 Plate Mail Armor
41:38 Forging
42:25 Conscription
42:16 Caravan
43:20 Lamellar Armor
43:43 Pikeman
usqyn
0:36 Loom
11:29 Feudal Age
17:04 Castle Age
15:09 Double-Bit Axe
16:30 Horse Collar
16:49 Gold Mining
18:30 Heavy Plow
18:42 Bow Saw
19:32 Wheelbarrow
23:49 Stone Mining
25:36 Scale Mail Armor
25:44 Squires
25:05 Man-at-Arms
26:32 Long Swordsman
28:19 Chain Mail Armor
29:12 Forging
28:53 Fletching
31:22 Anarchy
32:46 Iron Casting
34:42 Imperial Age
32:00 Town Watch
32:58 Stone Shaft Mining
34:12 Hand Cart
36:32 Blast Furnace
35:56 Conscription
36:35 Pikeman
37:37 Bodkin Arrow
37:06 Halberdier
38:42 Elite Huskarl
sss129458
10:04 Feudal Age
13:56 Castle Age
12:12 Double-Bit Axe
18:10 Loom
19:53 Wheelbarrow
22:22 Horse Collar
22:55 Bow Saw
23:41 Heavy Plow
25:01 Gold Mining
27:09 Gold Shaft Mining
26:51 Hand Cart
27:17 Stone Mining
30:24 Imperial Age
29:01 Forging
28:57 Scale Barding Armor
28:39 Town Watch
30:20 Town Patrol
30:59 Iron Casting
31:01 Conscription
30:20 Light Cavalry
31:13 Bloodlines
31:05 Husbandry
31:58 Chain Barding Armor
31:25 Hussar
33:40 Two-Man Saw
33:12 Crop Rotation
34:07 Blast Furnace
33:43 Plate Barding Armor
33:38 Scale Mail Armor
34:14 Plate Barding Armor
34:24 Masonry
34:56 Guilds
34:40 Elite War Elephant
35:56 Hoardings
39:47 Devotion
43:23 Stone Shaft Mining
42:55 Fletching
43:06 Padded Archer Armor
Lord_Wilfredo
0:29 Loom
15:14 Feudal Age
15:49 Double-Bit Axe
25:09 Wheelbarrow
30:29 Castle Age
ahjol
10:17 Feudal Age
8:37 Loom
11:12 Double-Bit Axe
16:35 Castle Age
14:33 Horse Collar
15:53 Loom
17:37 Bow Saw
19:34 Heavy Plow
21:55 Wheelbarrow
21:23 Town Watch
21:33 Gold Mining
24:31 Stone Mining
29:14 Imperial Age
28:18 Scale Mail Armor
28:28 Forging
29:04 Gold Shaft Mining
29:00 Hand Cart
30:05 Chain Mail Armor
30:26 Iron Casting
29:55 Capped Ram
30:36 Arson
31:18 Conscription
31:33 Plate Mail Armor
32:10 Stone Shaft Mining
31:36 Onager
32:53 Siege Engineers
32:58 Masonry
32:53 Siege Engineers
33:09 Caravan
33:48 Masonry
33:30 Siege Onager
34:42 Gambesons
36:09 Blast Furnace
36:13 Chemistry
35:05 Elite Woad Raider
40:59 Guilds
42:39 Fletching
44:05 Siege Ram
Connection lost

Rejoining the realm…

Still unreachable

The connection could not be restored.

Session expired

The server has moved on; the page needs a fresh start.